[Event "Paris GCT Rapid"]
[Site "Paris"]
[Date "2017.06.23"]
[Round "7"]
[White "Carlsen, Magnus"]
[Black "Karjakin, Sergey"]
[Result "1/2-1/2"]
[ECO "C24"]
[WhiteElo "2832"]
[BlackElo "2781"]
[PlyCount "132"]
[EventDate "2017.06.21"]
[EventType "tourn (rapid)"]
[EventRounds "9"]
[EventCountry "FRA"]
[EventCategory "22"]
[SourceTitle "CBM 179"]
[Source "ChessBase"]
[SourceDate "2017.07.12"]
[SourceVersion "1"]
[SourceVersionDate "2017.07.12"]
[SourceQuality "1"]
[TimeControl "1500"]

1. e4 e5 2. Nf3 Nc6 3. Bc4 Bc5 4. O-O Nf6 5. d3 O-O 6. h3 d5 7. exd5 Nxd5 8. a4 f6 9. Nbd2 Be6 10. Nb3 Be7 11. Re1 Kh8 12. Bd2 Bg8 13.
d4 exd4 14. Nbxd4 Nxd4 15. Nxd4 Qd7 16. Qf3 Rfe8 17. Re4 Bf8 18. Rh4 Re5 19. Bd3 Rd8 20. Bf5 Qe8 21. Qd3 Ne7 22. Bxh7 Rh5 23. Rxh5 Qxh5 24. Bxg8 Kxg8 25. Be3 c5 26. Qb3+ Qd5 27. c4 Qe4 28. Ne2 Rd3 29. Nc3 Nf5 30. Nxe4 Rxb3 31. Bxc5 Bxc5 32. Nxc5 Rxb2 33. Rd1 Rb4 34. Rd5 b6 35. Nd3 Rb1+ 36. Kh2 Rd1 37. c5 Ne7 38. Rd8+ Kh7 39. cxb6 axb6 40. Rd7 Nc8 41. g4 Ra1 42. Nf4 Rxa4 43. Nh5 Ra7 44. Nxf6+ Kg6 45. Rxa7 Nxa7 46. Nd5 b5 47. Nb4 Kf6 48. f4 Ke6 49. h4 Kd6 50. h5 Nc6 51. Nxc6 Kxc6 52. g5 b4 53.
h6 gxh6 54. gxh6 b3 55. h7 b2 56. h8=Q b1=Q 57. Qe5 Qd3 58.
Qe6+ Qd6 59. Qc8+ Kd5 60. Kg3 Qg6+ 61. Qg4 Qf6 62. Qh5+ Kd6 63. Kg4 Ke7 64. Qh7+ Kf8 65. Qe4 Kg7 66. Qe8 Qg6+ 1/2-1/2

[Event "Paris GCT Rapid"]
[Site "Paris"]
[Date "2017.06.23"]
[Round "8"]
[White "Caruana, Fabiano"]
[Black "Carlsen, Magnus"]
[Result "1/2-1/2"]
[ECO "C84"]
[WhiteElo "2808"]
[BlackElo "2832"]
[PlyCount "158"]
[EventDate "2017.06.21"]
[EventType "tourn (rapid)"]
[EventRounds "9"]
[EventCountry "FRA"]
[EventCategory "22"]
[SourceTitle "CBM 179"]
[Source "ChessBase"]
[SourceDate "2017.07.12"]
[SourceVersion "1"]
[SourceVersionDate "2017.07.12"]
[SourceQuality "1"]
[TimeControl "1500"]

1. e4 e5 2. Nf3 Nc6 3. Bb5 a6 4. Ba4 Nf6 5. O-O Be7 6. d3 b5 7. Bb3 d6 8. a4 Bd7 9. c3 O-O 10. Bc2 b4 11. Re1 Re8 12. a5 Rb8 13.
Nbd2 Bf8 14. Bb3 bxc3 15. bxc3 h6 16. h3 Be6 17. Ba4 Bd7 18.
Nc4 Ne7 19. Bc2 Ng6 20. d4 exd4 21. cxd4 d5 22. exd5 Rxe1+ 23. Qxe1 Nxd5 24. Bxg6 fxg6 25. Nce5 Be8 26.
Ba3 Bd6 27. Bc5 g5 28. Rc1 Nf4 29. Qe4 Bxe5 30. Nxe5 Qd5 31. Qxd5+ Nxd5 32. Re1 Rb5 33. Kh2 Bf7 34. Nxf7 Kxf7 35. Re5 c6 36. Rf5+ Ke6 37. Re5+ Kf7 38. Rf5+ Kg6 39. Re5 Rxa5 40. Re6+ Kf5 41. Rxc6 Ra2 42. Rd6 Nf6 43. d5 Ke4 44. Rd8 Nxd5 45. Re8+ Kf5 46. Bd4 Nf6 47. Re7 Rd2 48. Be3 Rd7 49. g4+ Kg6 50. Re6 a5 51. Ra6 Rd5 52. Kg3 Kh7 53.
Kf3 Rb5 54. Bd4 Rb3+ 55. Kg2 Nd5 56. Be5 Rb5 57. Ra7 Ne3+ 58.
fxe3 Rxe5 59. Kf3 Kg6 60. Ra6+ Kf7 61. Ra7+ Kf6 62. Ra6+ Ke7 63. Ra7+ Kd6 64. Rxg7 Kc5 65. Rg6 a4 66. Rxh6 a3 67. h4 gxh4 68. Rxh4 a2 69. Rh1 Kc4 70. Kf4 Ra5 71. Ra1 Kb3 72. g5 Kb2 73. Rxa2+ Rxa2 74. g6 Kc3 75. Kf5 Rf2+ 76. Ke6 Rg2 77. Kf7 Kd3 78. g7 Rxg7+ 79. Kxg7 Kxe3 1/2-1/2

[Event "Tata Steel-A playoff 80th"]
[Site "Wijk aan Zee"]
[Date "2018.01.28"]
[Round "15"]
[White "Giri, Anish"]
[Black "Carlsen, Magnus"]
[Result "1/2-1/2"]
[ECO "C54"]
[WhiteElo "2752"]
[BlackElo "2834"]
[PlyCount "75"]
[EventDate "2018.01.29"]
[EventType "match (rapid)"]
[EventCountry "NED"]
[SourceTitle "CBM 183"]
[Source "ChessBase"]
[SourceDate "2018.03.14"]
[SourceVersion "1"]
[SourceVersionDate "2018.03.14"]
[SourceQuality "1"]
[TimeControl "300+3"]

1. e4 e5 {[%emt 0:00:05] Carlsen had white in the first game,
and went for a quick queen trade. He maintained a tiny advantage until
liquidating into a winning bishop endgame. "A very clean technical win," noted
live commentator GM Eric Hansen. That meant that Giri was forced to strike
back in his white game} 2. Nf3 Nc6 3. Bc4 Bc5 4. c3 Nf6 5. d3 d6 6. O-O a6 7. Re1 Ba7 8. Bb3 O-O 9. h3 h6 10.
Nbd2 Re8 11. Nf1 Be6 12. Bc2 d5 13. Qe2 dxe4 14. dxe4 Qe7 15. Ng3 Rad8 16. Nh4 Qf8 17. Nhf5 Ne7 18. Ne3 Ng6 19. Ngf5 Nf4 20. Qf3 c6 21. Ng4 Nxg4 22. hxg4 g6 23. Bxf4 exf4 24. Qxf4 gxf5 25. gxf5 Qg7 26. fxe6 Rxe6 27. Rad1 Rde8 28. Re2 Qg5 29. Qf3 Rf6 30. Qh3 Qf4 31. Rf1 Re5 32. Qh2 Qg5 33. g3 Qg4 34. Rd2 Rg5 35.
e5 Rxe5 36. Bd1 Qg5 37. Rd3 Ref5 38. Qh4 1/2-1/2